 Dungeon Crawl Stone Soup version 0.31.0-12-g77e489cdc1 (webtiles) character file.

Game seed: 18062256886848700147

816 Gadfly the Covered (level 7, 0/58 HPs)
             Began as an Armataur Fighter on Mar 1, 2024.
             Was an Initiate of the Shining One.
             Killed by divine providence
             ... invoked by an orc priest
              (11 damage)
             ... on level 6 of the Dungeon.
             The game lasted 00:08:28 (4887 turns).

Gadfly the Covered (Armataur Fighter)               Turns: 4887, Time: 00:08:29

Health: 0/58       AC: 12    Str: 21    XL:     7   Next: 62%
Magic:  0/9        EV: 10    Int:  9    God:    the Shining One [......]
Gold:   105        SH:  8    Dex: 11    Spells: 3/6 levels left

rFire   . . .        a - +1 flail (heavy)
rCold   + . .        o - +0 kite shield
rNeg    . . .        x - +0 chain mail {rC+}
rPois   .            j - +1 helmet
rElec   .            h - +0 cloak
rCorr   +            (no gloves)
SInv    .            (no barding)
Will    .....        i - amulet of guardian spirit Stlth
                     u - +5 ring of evasion
HPRegen 0.29/turn    p - ring of resist corrosion
MPRegen 0.11/turn

%: guardian spirit, roll
@: glowing
A: large, deformed body, tough skin 3, armoured tail, roll 2
a: Renounce Religion


You were on level 6 of the Dungeon.
You worshipped the Shining One.
The Shining One was noncommittal.
You visited 2 branches of the dungeon, and saw 7 of its levels.

You collected 431 gold pieces.
You spent 326 gold pieces at shops.

Inventory:

Hand Weapons
 a - a +1 heavy flail (weapon)
 l - a +1 flail
Armour
 h - a +0 cloak (worn)
 j - a +1 helmet (worn)
 o - a +0 kite shield (worn)
 x - a +0 chain mail of cold resistance (worn)
Jewellery
 i - an amulet of guardian spirit (around neck)
 p - a ring of resist corrosion (right hand)
 u - a +5 ring of evasion (left hand)
Wands
 m - a wand of mindburst (11) (quivered)
 s - a wand of paralysis (13)
Scrolls
 c - a scroll of enchant weapon
 k - 5 scrolls of teleportation
 q - a scroll of revelation
Potions
 d - a potion of might
 e - 3 potions of enlightenment
 f - 6 potions of curing
 n - a potion of berserk rage
 r - 2 potions of ambrosia
 t - 2 potions of attraction
 v - 2 potions of mutation
 w - a potion of lignification


   Skills:
 + Level 3.7 Fighting
 * Level 4.0 Maces & Flails
 + Level 4.9 Armour
 + Level 4.6 Shields
 * Level 3.7 Invocations
 * Level 3.8 Evocations


You had 3 spell levels left.
You knew the following spells:

 Your Spells              Type           Power      Damage    Failure   Level
a - Ozocubu's Armour      Ice            0%         N/A       100%        3

Your spell library contained the following spells:

 Spells                   Type           Power      Damage    Failure   Level
 Magic Dart               Conj           0%         1d3       99%         1
 Searing Ray              Conj           0%         2d4       100%        2
 Fulminant Prism          Conj/Alch      0%         3d5       100%        4
 Metabolic Englaciation   Hex/Ice        0%         N/A       100%        5
 Sculpt Simulacrum        Ice/Alch       0%         N/A       100%        6


Dungeon Overview and Level Annotations

Branches:
Dungeon (6/15)             Temple (1/1) D:4

Altars:
Ashenzari
Cheibriados
Dithmenos
Fedhas
Gozag
Kikubaaqudgha
Makhleb
Okawaru
Ru
Sif Muna
Trog
Vehumet
Wu Jian
Xom
Yredelemnul
Zin
The Shining One

Shops:
D:1 *   D:5 [(![   D:6 :


Innate Abilities, Weirdness & Mutations

Armour fits poorly on your strangely shaped body.
You have extremely tough skin. (AC +3)
You have a long armoured tail.
You regenerate magic and health when rolling toward enemies. (Rampage Regen)


Message History

The orc hits you but does no damage.
The orc priest invokes the aid of Beogh against you.
Beogh smites you!
The orc warrior hits you but does no damage.
You block the orc's attack. You block the orc priest's attack.
You hit the orc warrior but do no damage.
You tail-slap the orc warrior, but do no damage.
The orc warrior is almost dead.
The orc warrior hits you with a +0 long sword!
* * * LOW HITPOINT WARNING * * *
You block the orc's attack.
The orc priest calls upon Beogh to heal the orc warrior.
The orc warrior is healed somewhat.
The orc warrior hits you with a +0 long sword.
* * * LOW HITPOINT WARNING * * *
You block the orc's attack.
You feel much better.
The orc warrior hits you with a +0 long sword.
The orc priest hits you but does no damage.
The orc hits you with a +0 dagger. The orc attacks as it pursues you!
You block the orc's attack. The orc priest closely misses you.
The orc attacks as it pursues you! You block the orc's attack.
You thump the orc!
You kill the orc!
The orc warrior misses you.
You hit the orc warrior but do no damage.
The orc warrior is severely wounded.
The orc priest invokes the aid of Beogh against you.
Beogh smites you!
* * * LOW HITPOINT WARNING * * *
The orc barely misses you.
The orc warrior hits you but does no damage.
You hit the orc warrior but do no damage.
You tail-slap the orc warrior.
The orc warrior is almost dead.
The orc warrior hits you but does no damage.
The orc priest invokes the aid of Beogh against you.
Beogh smites you!
You die...

..≈.≈...≈. #.≈.≈≈≈≈≈.
#.§.....§§ #.≈≈≈≈≈≈≈§
# ##........§ #
#.......... ######
##.o####### .....
##o##############.##
###o@................
#.......#........#...
#######..............
##.........####
##........#
##########


You could see an orc warrior, an orc priest and an orc.

Vanquished Creatures
  2 phantoms (D:5)
  2 scorpions (D:4)
  A hound (D:6)
  2 bombardier beetles
  An orc priest (D:5)
  2 iguanas (D:5)
  Ijyb (D:4)
  3 orc wizards (D:5)
  Robin (D:2)
  10 adders
  3 gnolls (D:3)
  A shadow imp (D:6)
  3 dart slugs
  3 ribbon worms (D:2)
  15 orcs
  6 bats
  5 endoplasms
  4 giant cockroaches
  8 hobgoblins
  2 jackals (D:4)
  10 ball pythons
  3 frilled lizards
  27 goblins
  4 kobolds
  12 rats
131 creatures vanquished.

Notes
Turn   | Place    | Note
-------+----------+-------------------------------------------
     0 | D:1      | Gadfly the Armataur Fighter began the quest for the Orb.
     0 | D:1      | Reached XP level 1. HP: 18/18 MP: 1/1
   107 | D:1      | Found Ewuh's Assorted Antiques.
   134 | D:1      | Bought a scroll labelled GIFEYDGH IGGA for 20 gold pieces
   358 | D:1      | Reached XP level 2. HP: 25/25 MP: 2/2
   617 | D:1      | Reached skill level 1 in Invocations
   919 | D:1      | Bought a scroll labelled HAEVVUITYU for 20 gold pieces
  1055 | D:2      | Reached skill level 1 in Evocations
  1055 | D:2      | Reached XP level 3. HP: 25/30 MP: 3/3
  1399 | D:2      | Reached XP level 4. HP: 37/37 MP: 5/5
  1576 | D:1      | Bought a dented jade amulet for 100 gold pieces
  1620 | D:2      | Learned a level 3 spell: Ozocubu's Armour
  1628 | D:3      | Noticed Robin
  2144 | D:2      | Killed Robin
  2235 | D:3      | Found a shadowy altar of Dithmenos.
  2263 | D:3      | Identified the +3 spear of Internal Strife {drain, rPois
                  | Str-5 Int+2 Dex+4}
  2266 | D:3      | Reached XP level 5. HP: 20/45 MP: 6/6
  2544 | D:3      | Found a burning altar of Makhleb.
  3083 | D:4      | Noticed Ijyb
  3089 | D:4      | Paralysed by Ijyb for 3 turns
  3101 | D:4      | Killed Ijyb
  3192 | D:4      | Reached XP level 6. HP: 46/51 MP: 7/7
  3356 | D:4      | Found a staircase to the Ecumenical Temple.
  3367 | Temple   | Entered the Ecumenical Temple
  3383 | Temple   | Became a worshipper of the Shining One
  3819 | D:5      | Entered Level 5 of the Dungeon
  3868 | D:5      | Found Tagiem Usewn's Armour Boutique.
  3873 | D:5      | Gained mutation: You regenerate magic and health when
                  | rolling toward enemies. (Rampage Regen) [Armataur growth]
  3873 | D:5      | Reached XP level 7. HP: 49/57 MP: 9/9
  4286 | D:5      | Found Beac's Antique Armour Boutique.
  4312 | D:5      | Found Maaru's Distillery.
  4320 | D:5      | Bought a potion of lignification for 36 gold pieces
  4345 | D:5      | Found Weworami's Weapon Emporium.
  4729 | D:1      | Bought a runed chain mail for 150 gold pieces
  4816 | D:6      | Found Repn's Tiny Tomes.
  4870 | D:6      | Found an iron altar of Okawaru.
  4887 | D:6      | Killed from afar by an orc priest

Illustrated notes

Levels and vault maps discovered:
D:1:      lemuel_arrival_lava_pool, layout_basic, serial_shops,
          nicolae_shop_tiny_statue_garden, chequers_serial_rivers_micro_b,
          nicolae_houndstooth_variations
D:2:      layout_rooms, minmay_unequal
D:3:      layout_rooms, marbit_many_paths, amcnicky_altar_gilded,
          minmay_snake_closets, uniq_robin, uniq_crazy_yiuf_cottage
D:4:      kennysheep_the_goblin_king, layout_loops_ring,
          minmay_temple_entry_ruins
D:5:      layout_cave_pools, serial_shops, nicolae_shop_pleasant_corner_grove,
          nicolae_shop_gibbet_a_chance, nicolae_shop_statue_plus,
          nicolae_shop_peninsula, serial_library_regret_index_multi,
          guppyfry_early_orc_mine
D:6:      layout_rooms, mainiacjoe_overflow_concentric_impassable,
          nemelex_diamond_rough_becter, chequers_decorated_corner,
          nicolae_shop_i_like_small_books_too
Temple:   eino_temple_water

Skill      XL: |  1  2  3  4  5  6  7 |
---------------+----------------------+-----
Maces & Flails | 2 3 4 |  4.0
Invocations    | 1 2 3 |  3.7
Evocations     | 1 2 3 |  3.8
Fighting       | 3 |  3.7
Armour         | 4 |  4.9
Shields        | 4 |  4.6

Action                     |  1- 3 |  4- 6 |  7- 9 || total
---------------------------+-------+-------+-------++-------
  Melee: Flail             |   106 |   183 |    55 ||   344
         Tailslap          |    13 |    12 |    10 ||    35
         Spear             |       |     8 |       ||     8
    Use: Scroll            |     4 |     6 |     4 ||    14
         Potion            |     3 |     1 |     1 ||     5
 Armour: Scale mail        |    90 |   249 |    39 ||   378
         Chain mail        |       |       |    17 ||    17
  Dodge: Dodged            |    36 |    90 |    28 ||   154
  Block: Buckler           |    20 |    41 |       ||    61
         Kite shield       |       |    60 |    29 ||    89
